 Dungeon Crawl Stone Soup version 0.16-a0-66-gff12a3a (webtiles) character file.

23 Bloax the Charmwright (level 3, -3/18 HPs)
             Began as a Vine Stalker Skald on Aug 7, 2014.
             Slain by Terence
             ... wielding a +0 trident
              (6 damage)
             ... on Level 2 of the Dungeon.
             The game lasted 00:01:18 (214 turns).

Bloax the Charmwright (Vine Stalker Skald)           Turns: 214, Time: 00:01:18

HP  -3/18        AC  3     Str 14      XL: 3   Next:  0%
MP   0/7         EV 10     Int 12      God:
Gold 25          SH  0     Dex 14      Spells:  2 memorised,  4 levels left

rFire  . . .     SeeInvis .     a - +0 short sword
rCold  . . .     Clarity  .     b - +0 leather armour
rNeg   . . .     rCorr    .     (no shield)
rPois  .         rRot     +     (no helmet)
rElec  .         Spirit   +     (no cloak)
SustAb .         Warding  .     (no gloves)
rMut   .         Stasis   .     (no boots)
Gourm  .                        (no amulet)
MR     .....                    (no ring)
                                (no ring)

@: very slightly contaminated, not resistant to hostile enchantments, very
unstealthy
A: fangs 2, regeneration 1, magic shield, antimagic bite, no device heal 3, rot
immunity
a: no special abilities


You were on level 2 of the Dungeon.
You were very full.

You visited 1 branch of the dungeon, and saw 2 of its levels.

You collected 25 gold pieces.


Innate Abilities, Weirdness & Mutations

You have extremely sharp teeth.
Your natural rate of healing is unusually fast.
When hurt, damage is shared between your health and your magic reserves.
Your bite disrupts and absorbs the magic of your enemies.
Potions and wands cannot restore your health.
You are immune to rotting.


   Skills:
 - Level 1.7 Fighting
 + Level 2.4 Short Blades
 - Level 0.7 Armour
 - Level 0.7 Dodging
 + Level 2.9 Spellcasting
 - Level 3.0 Charms


You had 4 spell levels left.
You knew the following spells:

 Your Spells              Type           Power        Failure   Level  Hunger
a - Infusion              Chrm           #.....       10%         1    #......
b - Song of Slaying       Chrm           #.......     12%         2    ##.....


Dungeon Overview and Level Annotations

Branches:
Dungeon (2/15)

Altars:

Annotations:
D:2 Terence

Inventory:

Hand weapons
 a - a +0 short sword (weapon)
Armour
 b - a +0 leather armour (worn)
Comestibles
 d - a bread ration
 f - a meat ration
Books
 c - a book of Battle

   Spells                             Type                      Level
   *Infusion                          Charms                       1
   Shroud of Golubria                 Charms/Translocation         2
   *Song of Slaying                   Charms                       2
   Spectral Weapon                    Hexes/Charms                 3
   Regeneration                       Charms/Necromancy            3

### #..
#.# #.#
... #.# .
#S#. ##.
#@#.# ...
#@#.# #.#
#.#.# #<.
#.#.# #.#
#.#.#
#######..
#.#.#
#........
#.#.##
.........
#....#
#.######.
###..# #.#
#.
#..#####.#
#.


You could see Terence and an adder.


Message History

The hobgoblin barely misses you. The rat bites you but does no damage.
You barely miss the hobgoblin.
The hobgoblin is moderately wounded.
The rat bites you. The hobgoblin hits you with a club.
You hit the hobgoblin.
The hobgoblin is severely wounded.
The rat bites you. The hobgoblin barely misses you.
You barely miss the hobgoblin.
The hobgoblin is severely wounded.
The rat barely misses you. The hobgoblin hits you with a club.
You barely miss the hobgoblin.
The hobgoblin is severely wounded.
The rat barely misses you.
The hobgoblin hits you but does no damage.
You closely miss the hobgoblin. You bite the hobgoblin. You drain its power.
You feel invigorated.
You kill the hobgoblin!
The rat bites you.
You hit the rat but do no damage. The rat barely misses you.
You barely miss the rat. The rat barely misses you.
You barely miss the rat. You bite the rat. You drain its power.
You feel invigorated.
You kill the rat!
You have reached level 3!
Your experience leads to an increase in your attributes!
Increase (S)trength, (I)ntelligence, or (D)exterity?
You feel agile.
Terence the Incautious comes into view.
He is wielding a trident.
Terence is nearby!
Your song is almost over.
An adder comes into view.
Terence hits you from afar with a trident.
Terence hits you with a trident.
You hit Terence.
Terence is lightly wounded.
Terence hits you with a trident.
You hit Terence. You bite Terence, but do no damage.
Terence is moderately wounded.
You hit Terence but do no damage.
Terence is moderately wounded.
Terence hits you but does no damage.
You barely miss Terence.
Terence is moderately wounded.
Your song has ended.
Terence barely misses you.
You hit Terence. You bite Terence, but do no damage.
Terence is heavily wounded.
Terence hits you with a trident!
* * * LOW HITPOINT WARNING * * *
Unknown command.
Casting: Song of Slaying You miscast Infusion.
You are very lightly contaminated with residual magic.
You feel a strange surge of energy! Terence hits you with a trident.
* * * LOW HITPOINT WARNING * * *
Unknown command.
You hit Terence. You bite Terence, but do no damage.
Terence is severely wounded.
Terence hits you with a trident.
* * * LOW HITPOINT WARNING * * *
You closely miss Terence.
Terence is severely wounded.
Terence barely misses you.
Unknown command.
You hit Terence but do no damage. You bite Terence, but do no damage.
Terence is severely wounded.
You hit Terence.
Terence is severely wounded.
Terence hits you with a trident!
You die...

Action                   || total
-------------------------++-------
Melee: Short sword       ||    61
 Cast: Infusion          ||     3
       Song of Slaying   ||     2
  Eat: Meat ration       ||     1

Vault maps used:
D:1:      ncdulo_wetmaze
D:2:      uniq_terence

Notes
Turn   | Place    | Note
--------------------------------------------------------------
     0 | D:1      | Bloax, the Vine Stalker Skald, began the quest for the Orb.
     0 | D:1      | Reached XP level 1. HP: 11/11 MP: 3/3
    25 | D:1      | Reached skill level 2 in Short Blades
    76 | D:1      | Reached XP level 2. HP: 13/15 MP: 0/6
   157 | D:2      | Learned a level 2 spell: Song of Slaying
   193 | D:2      | Reached XP level 3. HP: 12/18 MP: 7/7
   201 | D:2      | Noticed Terence
   211 | D:2      | HP: 2/18 [Terence/trident (3)]
   214 | D:2      | Slain by Terence

Vanquished Creatures
  A giant mite (D:1)
  A giant gecko (D:2)
  6 hobgoblins
  2 jackals (D:1)
  A bat (D:1)
  A giant newt (D:1)
  3 rats
15 creatures vanquished.
